 Seeded DCSS version 0.29.1-15-g9cfb28693d (webtiles) character file.

Game seed: 8675309 (custom seed)

122 Dillmonsterx101 the Covered (level 4, -1/40 HPs)
             Began as a Minotaur Fighter on Apr 6, 2023.
             Slain by a gnoll
             ... wielding a +0 whip
              (6 damage)
             ... on level 3 of the Dungeon.
             The game lasted 00:05:20 (1364 turns).

Dillmonsterx101 the Covered (Minotaur Fighter)      Turns: 1364, Time: 00:05:20

Health: -1/40      AC:  7    Str: 23    XL:     4   Next: 78%
Magic:  3/3        EV:  9    Int:  5    God:
Gold:   158        SH:  4    Dex:  9    Spells: 3/3 levels left

rFire   . . .      SeeInvis .   a - +0 war axe
rCold   . . .      Faith    .   c - +0 buckler
rNeg    . . .      Spirit   .   b - +0 scale mail
rPois   .          Reflect  .   (helmet restricted)
rElec   .          Harm     .   (no cloak)
rCorr   .          Rampage  .   (no gloves)
Will    .....                   (no boots)
Stlth   ..........              (no amulet)
HPRegen 0.13/turn               (no ring)
MPRegen 0.08/turn               (no ring)

@: no status effects
A: horns 2, retaliatory headbutt
a: no special abilities


You were on level 3 of the Dungeon.
You visited 1 branch of the dungeon, and saw 4 of its levels.

You collected 158 gold pieces.

Inventory:

Hand Weapons
 a - a +0 war axe (weapon)
Armour
 b - a +0 scale mail (worn)
 c - a +0 buckler (worn)
Scrolls
 e - a scroll of vulnerability {unknown}
 h - 2 scrolls of teleportation {unknown}
 j - a scroll of fear {unknown}
 k - a scroll of poison {unknown}
 m - a scroll of amnesia {unknown}
 n - a scroll of identify {unknown}
 p - a scroll of torment {unknown}
 q - a scroll of butterflies {unknown}
Potions
 d - 2 potions of might
 f - 2 potions of curing {unknown}
 g - 2 potions of mutation {unknown}
 i - a potion of cancellation {unknown}
 l - a potion of ambrosia {unknown}
 o - a potion of heal wounds {unknown}


   Skills:
 + Level 4.2 Fighting
 + Level 4.0 Axes
 + Level 4.8 Armour
 + Level 0.6 Dodging
 + Level 4.2 Shields


You had 3 spell levels left.
You didn't know any spells.
Your spell library contained the following spells:

 Spells                   Type           Power      Damage    Failure   Level
 Blink                    Tloc           0%         N/A       95%         2
 Sublimation of Blood     Necr           0%         N/A       95%         2
 Wereblood                Tmut           0%         N/A       95%         2
 Lesser Beckoning         Tloc           0%         N/A       99%         3
 Manifold Assault         Tloc           0%         N/A       100%        5
 Summon Hydra             Summ           0%         N/A       100%        7


Dungeon Overview and Level Annotations

Branches:
Dungeon (4/15)
 Temple: D:4-7

Altars:

Shops:
D:2 :


Innate Abilities, Weirdness & Mutations

You have a pair of horns on your head.
You reflexively headbutt those who attack you in melee.


Message History

You closely miss the gnoll. The gnoll hits you with a +0 flail!
A gnoll comes into view. It is wielding a +0 whip.
The kobold throws a stone.
The stone misses you. The gnoll hits you with a +0 flail.
You are too injured to fight recklessly!
You are too injured to fight recklessly!
You are too injured to fight recklessly!
The gnoll shouts!
You slash the gnoll!
You kill the gnoll!
You hear a shout! x4
A kobold is nearby!
A gnoll comes into view. It is wielding a +0 club.
The gnoll shouts!
The kobold throws a stone.
The stone barely misses you.
A gnoll comes into view. It is wielding a +0 spear.
The gnoll shouts!
You hear a shout!
The kobold throws a stone.
You block the stone.
The kobold throws a stone.
The stone hits you.
The kobold throws a stone.
The stone hits you.
* * * LOW HITPOINT WARNING * * *
The kobold throws a stone.
The stone hits you but does no damage. The gnoll barely misses you.
You block the gnoll's attack.
There is a stone staircase leading up here.
The gnoll hits you with a +0 whip.
* * * LOW HITPOINT WARNING * * *
You block the gnoll's attack. The gnoll hits you with a +0 club.
* * * LOW HITPOINT WARNING * * *
You climb upwards.
There is a stone staircase leading down here.
You hit the gnoll.
The gnoll is lightly wounded.
You hit the gnoll. The gnoll hits you but does no damage.
The gnoll hits you with a +0 club.
* * * LOW HITPOINT WARNING * * *
You hit the gnoll.
The gnoll is heavily wounded.
You hit the gnoll. The gnoll hits you with a +0 whip.
You die...

##.....####
##....## ...####
#### .########
#..# ........#
##..# ###.....#
##...# ........#
#...##
........######.#g#
...........##..#@#
..............##g#
.)........##.#...#
...............###
.....<..#....###
...........###
.......#...#
.........#.#
......####)#


You could see 2 gnolls.

Vanquished Creatures
  An orc priest (D:4)
  2 gnolls (D:4)
  2 adders
  A dart slug (D:1)
  4 orcs
  5 ball pythons
  4 endoplasms
  3 giant cockroaches
  3 goblins
  4 hobgoblins
  4 jackals (D:3)
  A quokka (D:1)
  2 bats (D:1)
  2 frilled lizards
  3 kobolds
  4 rats
45 creatures vanquished.

Notes
Turn   | Place    | Note
-------+----------+-------------------------------------------
     0 | D:1      | Dillmonsterx101 the Minotaur Fighter began the quest for
                  | the Orb.
     0 | D:1      | Reached XP level 1. HP: 19/19 MP: 0/0
   204 | D:1      | Reached XP level 2. HP: 27/27 MP: 1/1
   233 | D:1      | Found a faded altar of an unknown god.
   544 | D:2      | Found Lytimaci's Book Shoppe.
   562 | D:2      | Reached XP level 3. HP: 33/33 MP: 2/2
  1338 | D:4      | Reached XP level 4. HP: 37/40 MP: 3/3
  1364 | D:3      | Slain by a gnoll

Illustrated notes

Levels and vault maps discovered:
D:1:      minmay_arrival_radiant_lines, layout_basic,
          ebering_ecumenical_altar_mist, ebering_dispersal_statue_hall,
          minmay_tetromino_l4
D:2:      layout_rooms, serial_shops, shop
D:3:      layout_rooms
D:4:      layout_cave_pools

Skill      XL: |  1  2  3  4 |
---------------+-------------+-----
Armour         | 4 |  4.8
Fighting       | 4 |  4.2
Axes           | 3 4 |  4.0
Shields        | 4 |  4.2
Dodging        | |  0.6

Action                   |  1- 3 |  4- 6 || total
-------------------------+-------+-------++-------
Melee: War axe           |    67 |    10 ||    77
       Headbutt          |     7 |       ||     7
Armor: Scale mail        |    46 |     4 ||    50
Dodge: Dodged            |    31 |     6 ||    37
Block: Buckler           |    15 |     5 ||    20
